AoeStats
← 沒起房子我日

African Clearing

510427450Analyzed
4v4 RM · 2d ago on Oct 1, 2026· 33m 45s· 8 players
Game mode
Random Map
Map size
Large (8 player)
Population
200
Speed
Normal
Resources
Standard
Victory
Conquest
Starting age
Dark Age
Ending age
Imperial Age
RankedLock teamsTeams togetherTeam positionsShared explorationLock speedFull tech treeHidden civsTurbo modeCheats
Victory
Defeat
🇪🇸 Portuguese · Spain
1584
+9
🇹🇼 Tupi · Taiwan
1518
+12
🇵🇪 Tatars · Peru
1513
+12
🇵🇪 Mongols · Peru
1506
+12
🇩🇴 Maya · Dominican Republic
1473
-12
🇲🇽 Mongols · Mexico
1447
-12
🇵🇪 Varangians · Peru
1442
-12
🇪🇨 Huns · Ecuador
1346
-9
沒起房子我日
11:50 Loom
13:37 Feudal Age
14:56 Double-Bit Axe
17:44 Castle Age
16:09 Horse Collar
16:49 Gold Mining
18:23 Town Watch
21:57 Bow Saw
22:57 Wheelbarrow
23:18 Fletching
24:10 Bodkin Arrow
25:08 Heavy Plow
25:59 Padded Archer Armor
30:11 Ballistics
30:19 Leather Archer Armor
30:33 Hand Cart
30:10 Stone Mining
33:58 Imperial Age
Glaki
7:30 Loom
13:24 Feudal Age
17:14 Castle Age
23:23 Town Watch
34:44 Wheelbarrow
DarkWolf110722
8:51 Loom
12:34 Feudal Age
17:07 Castle Age
15:02 Double-Bit Axe
16:08 Fletching
19:38 Gold Mining
22:46 Bodkin Arrow
25:38 Padded Archer Armor
26:14 Husbandry
28:35 Wheelbarrow
29:35 Bloodlines
30:30 Ballistics
31:41 Horse Collar
36:16 Imperial Age
33:52 Scale Barding Armor
The_Night_Wolf
5:41 Loom
11:16 Feudal Age
11:44 Double-Bit Axe
23:20 Castle Age
21:37 Stone Mining
22:28 Gold Mining
22:51 Horse Collar
24:15 Bow Saw
28:02 Heavy Plow
30:37 Wheelbarrow
30:36 Fletching
33:44 Ballistics
BP | ham.io
4:13 Loom
11:17 Feudal Age
12:36 Double-Bit Axe
13:32 Forging
Malcolm Little
9:30 Loom
12:30 Feudal Age
13:12 Double-Bit Axe
15:50 Fletching
TREX KID BOO
6:20 Loom
11:53 Feudal Age
12:43 Double-Bit Axe
15:34 Horse Collar
16:52 Forging
20:16 Fletching
22:17 Town Watch
25:07 Castle Age
24:04 Padded Archer Armor
24:21 Bloodlines
25:49 Bodkin Arrow
26:46 Thumb Ring
29:07 Ballistics
32:31 Leather Archer Armor
33:20 Husbandry
Ing.Patrick QG
11:09 Loom
12:57 Feudal Age
14:20 Double-Bit Axe
17:02 Castle Age
18:56 Wheelbarrow
18:53 Bow Saw
20:28 Horse Collar
25:49 Gold Mining
27:57 Town Watch
29:27 Scale Barding Armor
Connection lost

Rejoining the realm…

Still unreachable

The connection could not be restored.

Session expired

The server has moved on; the page needs a fresh start.